[Event "Meltwater Champions Chess Tour 2022: Chessable Masters | Prelims"]
[White "Carlsen, Magnus"]
[Black "Wei, Yi"]
[WhiteFideId "1503014"]
[BlackFideId "8603405"]
[WhiteElo "2847"]
[BlackElo "2752"]
[Result "1/2-1/2"]
[Round "12"]
[TimeControl "900+10"]
[Date "2022.05.21"]
[WhiteClock "0:02:08"]
[BlackClock "0:03:15"]

1. h4 d5 2. d4 c5 3. e3 Nc6 4. c4 e6 5. Nf3 Nf6 6. a3 a6 7. dxc5 Bxc5 8. b4 Be7 9. Bb2 dxc4 10. Qxd8+ Bxd8 11. Bxc4 b5 12. Bd3 O-O 13. Nbd2 Be7 14. Ke2 Bb7 15. Rhc1 Rfc8 16. Nb3 Nd7 17. Rc2 Bd8 18. Rd1 Rc7 19. Be4 Nf6 20. Bxf6 gxf6 21. g4 Rac8 22. h5 h6 23. Nfd2 Ne5 24. Rxc7 Rxc7 25. Bxb7 Rxb7 26. Nf3 Be7 27. Nxe5 fxe5 28. Rc1 Kg7 29. Rc6 Ra7 30. Kf3 Bd8 31. Ke4 a5 32. Nc5 axb4 33. axb4 Ra2 34. Nd3 Rd2 35. Rc3 Bf6 36. f3 Be7 37. Rc7 Bd6 38. Rb7 Kf6 39. Rxb5 Kg5 40. f4+ Kxg4 41. fxe5 Be7 42. Rb7 Rc2 43. Kd4 Bg5 44. Rxf7 Re2 45. Nf4 Rb2 46. Nxe6 Rxb4+ 47. Kc5 Re4 48. Kd5 Rxe3 49. Nxg5 Kxg5 50. e6 Kxh5 51. Rg7 Kh4 52. e7 h5 53. Kd6 Rd3+ 54. Ke6 Re3+ 55. Kf7 Rf3+ 56. Kg8 Re3 57. Kf8 Rf3+ 58. Rf7 Re3 59. Rg7 Rf3+ 60. Kg8 Re3 61. Kf7 Rf3+ 62. Kg6 Re3 63. Kf5 Re1 64. Kf6 Rf1+ 65. Ke6 Re1+ 66. Kf7 Rf1+ 67. Kg8 Re1 68. Kf8 Rf1+ 69. Rf7 Re1 70. e8=R Rxe8+ 71. Kxe8 Kg3 72. Rg7+ Kf3 73. Rh7 Kg4 74. Ke7 h4 75. Ke6 h3 76. Ke5 Kg3 77. Ke4 h2 78. Ke3 Kg2 79. Ke2 h1=Q 80. Rxh1 Kxh1 1/2-1/2


[Site "http://www.chessbomb.com"]

[Event "Meltwater Champions Chess Tour 2022: Chessable Masters | Prelims"]
[White "Giri, Anish"]
[Black "Vidit, Santosh Gujrathi"]
[WhiteFideId "24116068"]
[BlackFideId "5029465"]
[WhiteElo "2730"]
[BlackElo "2617"]
[Result "1-0"]
[Round "12"]
[TimeControl "900+10"]
[Date "2022.05.21"]
[WhiteClock "0:03:19"]
[BlackClock "0:01:29"]

1. e4 e5 2. Nf3 Nc6 3. Bc4 Nf6 4. d3 Bc5 5. O-O O-O 6. Nbd2 d6 7. c3 a5 8. h3 h6 9. Re1 Be6 10. Bb5 Bb6 11. Nc4 Bc5 12. Ba4 Ne7 13. Ncd2 Ng6 14. d4 Ba7 15. Bc2 Re8 16. Nf1 exd4 17. cxd4 d5 18. e5 Ne4 19. Ng3 Nxg3 20. fxg3 c5 21. Be3 Rc8 22. Kh2 cxd4 23. Bxd4 Bxd4 24. Nxd4 Qb6 25. b3 Bd7 26. e6 Bxe6 27. Bxg6 fxg6 28. Nxe6 Rxe6 29. Qxd5 Re8 30. Rxe6 Qxe6 31. Qxa5 Qe5 32. Qxe5 Rxe5 33. Rf1 b5 34. a3 Re3 35. Rf3 Re2 36. g4 Ra2 37. b4 g5 38. Kg3 Rc2 39. Re3 Kf7 40. Kf3 Ra2 41. g3 Kf6 42. Ke4 Ke6 43. h4 gxh4 44. gxh4 g5 45. hxg5 hxg5 46. Rh3 Rf2 47. Kd4 Rc2 48. Rh6+ Kd7 49. Ke5 Rc3 50. Kf5 Rxa3 51. Rb6 Ra4 52. Rxb5 Kc6 53. Rc5+ Kd6 54. Rc4 Kd5 55. Rc1 Rxb4 56. Rd1+ Kc6 57. Kxg5 Rb2 58. Kg6 Rg2 59. g5 Rg3 60. Kf6 Rf3+ 61. Kg7 Rg3 62. g6 Rg2 63. Kf7 Rf2+ 64. Kg8 Rg2 65. g7 Rg3 66. Rf1 Kd6 67. Kf7 Rg1 68. Rxg1 1-0


[Site "http://www.chessbomb.com"]

[Event "Meltwater Champions Chess Tour 2022: Chessable Masters | Prelims"]
[White "Tari, Aryan"]
[Black "Shankland, Sam"]
[WhiteFideId "1510045"]
[BlackFideId "2004887"]
[WhiteElo "2531"]
[BlackElo "2616"]
[Result "1-0"]
[Round "12"]
[TimeControl "900+10"]
[Date "2022.05.21"]
[WhiteClock "0:05:43"]
[BlackClock "0:06:27"]

1. e4 c5 2. Nf3 e6 3. c3 Nf6 4. e5 Nd5 5. d4 cxd4 6. cxd4 d6 7. Bc4 Be7 8. O-O O-O 9. Qe2 Bd7 10. Nc3 Nxc3 11. bxc3 Bc6 12. exd6 Bxd6 13. Ne5 Bxe5 14. Qxe5 Nd7 15. Qg3 Nf6 16. Re1 Ne4 17. Qd3 Qa5 18. Bb2 Nd6 19. Re5 Bd5 20. Bb3 Rac8 21. c4 f6 22. cxd5 fxe5 23. dxe6 Kh8 24. e7 Rf5 25. dxe5 Rxe5 26. Bxe5 Qxe5 27. Rd1 Rc6 28. Qe3 1-0


[Site "http://www.chessbomb.com"]

[Event "Meltwater Champions Chess Tour 2022: Chessable Masters | Prelims"]
[White "Grandelius, Nils"]
[Black "Mishra, Abhimanyu"]
[WhiteFideId "1710400"]
[BlackFideId "30920019"]
[WhiteElo "2652"]
[BlackElo "2524"]
[Result "1/2-1/2"]
[Round "12"]
[TimeControl "900+10"]
[Date "2022.05.21"]
[WhiteClock "0:01:55"]
[BlackClock "0:02:35"]

1. Nf3 d5 2. g3 g6 3. Bg2 Bg7 4. d4 c6 5. a4 a5 6. O-O Nf6 7. c4 O-O 8. cxd5 Nxd5 9. Nc3 Nb4 10. Bf4 Bg4 11. Ne5 Be6 12. h3 Nd7 13. Nf3 Nf6 14. Qd2 Qb6 15. Bh6 Bd5 16. Bxg7 Kxg7 17. Nxd5 cxd5 18. Ne5 Rac8 19. Rfc1 Nc6 20. e3 e6 21. Nd3 Nd7 22. Bf1 Rc7 23. Nc5 Rfc8 24. Nxd7 Rxd7 25. Rc5 Rdc7 26. Rac1 Nb4 27. Rxc7 Rxc7 28. Bb5 Qd6 29. Kg2 b6 30. h4 h5 31. Rc3 Na2 32. Rxc7 Qxc7 33. Kf1 Qc1+ 34. Qxc1 Nxc1 35. Ke1 Kf6 36. Kd2 Na2 37. Kd3 Nb4+ 38. Kc3 Na2+ 39. Kd3 Nb4+ 40. Kc3 Na2+ 41. Kd3 1/2-1/2


[Site "http://www.chessbomb.com"]

[Event "Meltwater Champions Chess Tour 2022: Chessable Masters | Prelims"]
[White "Praggnanandhaa, R"]
[Black "Van Foreest, Jorden"]
[WhiteFideId "25059530"]
[BlackFideId "1039784"]
[WhiteElo "1927"]
[BlackElo "2645"]
[Result "1-0"]
[Round "12"]
[TimeControl "900+10"]
[Date "2022.05.21"]
[WhiteClock "0:01:22"]
[BlackClock "0:00:32"]

1. d4 Nf6 2. c4 g6 3. Nc3 Bg7 4. e4 d6 5. Be2 O-O 6. Be3 a5 7. h4 a4 8. a3 e5 9. d5 Nbd7 10. h5 Nc5 11. Bxc5 dxc5 12. h6 Bh8 13. Nf3 Bd7 14. Qc2 Ne8 15. O-O-O Nd6 16. Kb1 Qe7 17. Bd3 Ra6 18. Qe2 Bf6 19. Rdf1 Rb8 20. Ka2 Kf8 21. g3 Bg4 22. Qe3 Ra5 23. Nd2 Bd7 24. Qe2 Qe8 25. f3 Kg8 26. Rh2 Bh8 27. Ka1 Qe7 28. Qe3 Bf6 29. Qe1 Qe8 30. Qc1 Qe7 31. Qc2 Ra6 32. f4 Qe8 33. f5 Bg5 34. Nf3 Be3 35. Re1 Bd4 36. g4 g5 37. Nxg5 b5 38. cxb5 Bxb5 39. Nf3 Bxd3 40. Qxd3 Rab6 41. Rc2 Rb3 42. Qd2 Kf8 43. Qg5 Qe7 44. f6 Qd8 45. Nxe5 Ne8 46. Nc6 Bxf6 47. Qf5 Qc8 48. Nxb8 Qxb8 49. e5 1-0


[Site "http://www.chessbomb.com"]

[Event "Meltwater Champions Chess Tour 2022: Chessable Masters | Prelims"]
[White "Harikrishna, Pentala"]
[Black "Mamedyarov, Shakhriyar"]
[WhiteFideId "5007003"]
[BlackFideId "13401319"]
[WhiteElo "2624"]
[BlackElo "2699"]
[Result "0-1"]
[Round "12"]
[TimeControl "900+10"]
[Date "2022.05.21"]
[WhiteClock "0:00:40"]
[BlackClock "0:01:25"]

1. Nf3 Nf6 2. g3 g6 3. Bg2 Bg7 4. O-O O-O 5. c4 c5 6. Nc3 d5 7. cxd5 Nxd5 8. Nxd5 Qxd5 9. d3 Nc6 10. Be3 Qe6 11. Bxc5 Bxb2 12. Rb1 Bf6 13. Qd2 b6 14. Nd4 Bxd4 15. Bxd4 Nxd4 16. Bxa8 Qxe2 17. Qxe2 Nxe2+ 18. Kh1 Ba6 19. Bg2 Rc8 20. Rb3 Rc7 21. Ra3 Bb5 22. Rb3 Nd4 23. Rb4 e5 24. Rd1 a5 25. Rb2 a4 26. f4 a3 27. Rf2 Bd7 28. fxe5 Be6 29. Be4 Rc5 30. Rb1 b5 31. Kg1 Rxe5 32. Rb4 Nf5 33. Rc2 Ne3 34. Rc3 Kg7 35. Bf3 Rf5 36. Bg2 Bxa2 37. Rxa3 Nc2 38. Rxa2 Nxb4 39. Ra5 Nc2 40. Be4 Rc5 41. Kf2 Kf6 42. h4 h5 43. Ke2 Ke5 44. Ra7 Nd4+ 45. Ke3 f5 46. Bg2 Rc2 47. Bf1 Rc1 48. Bg2 Re1+ 49. Kf2 Re2+ 50. Kf1 Rd2 51. Re7+ Kd6 52. Rg7 b4 53. Rxg6+ Kc5 54. Rg8 b3 55. Rc8+ Kb4 56. Rb8+ Kc3 57. Rc8+ Kxd3 58. Bb7 Rd1+ 0-1


[Site "http://www.chessbomb.com"]

[Event "Meltwater Champions Chess Tour 2022: Chessable Masters | Prelims"]
[White "Jones, Gawain C B"]
[Black "Hansen, Eric"]
[WhiteFideId "409561"]
[BlackFideId "2606771"]
[WhiteElo "2630"]
[BlackElo "2579"]
[Result "1-0"]
[Round "12"]
[TimeControl "900+10"]
[Date "2022.05.21"]
[WhiteClock "0:00:37"]
[BlackClock "0:00:43"]

1. e4 e5 2. Nf3 Nf6 3. d4 Nxe4 4. Bd3 d5 5. Nxe5 Bd6 6. c4 c6 7. O-O O-O 8. Nc3 Nxc3 9. bxc3 Nd7 10. Nxd7 Bxd7 11. cxd5 cxd5 12. Qh5 g6 13. Qxd5 Qc7 14. Bh6 Rfe8 15. Qf3 Qxc3 16. Qf6 Bf8 17. Bxf8 Rxf8 18. Be4 Rad8 19. Rac1 Qa5 20. h4 Rfe8 21. Bxb7 Re6 22. Qf4 Qb6 23. Rc7 Rf6 24. Qe5 Rf5 25. Qg3 Qxd4 26. Bf3 Ba4 27. h5 Kg7 28. Rfc1 Qd2 29. R7c4 Rd4 30. Rxd4 Qxd4 31. Qb8 gxh5 32. Qg3+ Kf6 33. Qg8 Rg5 34. Qxh7 Qf4 35. Re1 Rg7 36. Qxh5 Bc2 37. Qh8 Bf5 38. Bh5 Qd4 39. Re3 Qa1+ 40. Kh2 Qd4 41. Rg3 Bg6 42. Bxg6 fxg6 43. Re3 Qd6+ 44. g3 g5 45. Qh6+ Rg6 46. Rf3+ Ke7 47. Qh7+ Kd8 48. Qh8+ Kc7 49. Rf7+ Kb6 50. Qb2+ Kc5 51. Qc2+ Kb6 52. Qb3+ Kc5 53. Rf5+ Kc6 54. Qc4+ Kd7 55. Rd5 1-0


[Site "http://www.chessbomb.com"]

[Event "Meltwater Champions Chess Tour 2022: Chessable Masters | Prelims"]
[White "Anton Guijarro, David"]
[Black "Ding, Liren"]
[WhiteFideId "2285525"]
[BlackFideId "8603677"]
[WhiteElo "2633"]
[BlackElo "2836"]
[Result "1/2-1/2"]
[Round "12"]
[TimeControl "900+10"]
[Date "2022.05.21"]
[WhiteClock "0:03:27"]
[BlackClock "0:08:08"]

1. e4 c5 2. Nf3 d6 3. c3 Nf6 4. Be2 g6 5. O-O Bg7 6. Bb5+ Nc6 7. d4 cxd4 8. cxd4 O-O 9. d5 Na5 10. Bd3 Bg4 11. Nbd2 Nd7 12. Be2 Rc8 13. Rb1 Nb6 14. b3 e6 15. h3 Bxf3 16. Bxf3 Re8 17. dxe6 fxe6 18. Be2 Nc6 19. Nf3 d5 20. exd5 Nxd5 21. Bd2 Nc3 22. Bxc3 Bxc3 23. Bc4 a6 24. Qxd8 Rcxd8 25. Rfd1 Nd4 26. Rd3 Nxf3+ 27. Rxf3 Bd4 28. Re1 Rd6 29. a4 Kg7 30. g3 Re7 31. Kg2 e5 32. Re2 e4 33. Rf4 Rf6 34. Rxf6 Kxf6 35. Bd5 e3 36. fxe3 Rxe3 37. Rxe3 Bxe3 38. Bxb7 a5 39. Kf3 Bc5 40. Ba6 h5 41. h4 1/2-1/2


[Site "http://www.chessbomb.com"]

[Event "Meltwater Champions Chess Tour 2022: Chessable Masters | Prelims"]
[White "Ding, Liren"]
[Black "Carlsen, Magnus"]
[WhiteFideId "8603677"]
[BlackFideId "1503014"]
[WhiteElo "2836"]
[BlackElo "2847"]
[Result "1/2-1/2"]
[Round "13"]
[TimeControl "900+10"]
[Date "2022.05.22"]
[WhiteClock "0:02:02"]
[BlackClock "0:14:20"]

1. c4 g6 2. d4 Nf6 3. Nf3 Bg7 4. e3 O-O 5. Be2 b6 6. O-O Bb7 7. Qc2 e6 8. b4 a5 9. b5 d6 10. Nc3 Nbd7 11. Ba3 Re8 12. Rad1 Qe7 13. Rfe1 e5 14. dxe5 Nxe5 15. Nd5 Bxd5 16. cxd5 Nxf3+ 17. Bxf3 Qd8 18. h4 Nd7 19. h5 Nc5 20. g3 Qf6 21. Kg2 Qc3 22. Qxc3 Bxc3 23. Rh1 Kg7 24. Rc1 Be5 25. h6+ Kf8 26. Rc4 Re7 27. Bc1 Rae8 28. e4 Bf6 29. Be3 Kg8 30. Rd1 Kf8 31. Kh3 Kg8 32. Bg2 Kf8 33. Bf3 Kg8 34. Kg2 Kf8 35. Kf1 Kg8 36. Bg2 Kf8 37. f3 Kg8 38. Bh3 Kf8 39. Kg2 Kg8 40. Kf2 Kf8 41. Bf1 Kg8 42. Bd3 Bh8 43. Bc2 f5 44. Bg5 Re5 45. Bf4 R5e7 46. Bg5 Re5 47. Bf4 R5e7 48. Bg5 1/2-1/2


[Site "http://www.chessbomb.com"]

[Event "Meltwater Champions Chess Tour 2022: Chessable Masters | Prelims"]
[White "Hansen, Eric"]
[Black "Anton Guijarro, David"]
[WhiteFideId "2606771"]
[BlackFideId "2285525"]
[WhiteElo "2579"]
[BlackElo "2633"]
[Result "1-0"]
[Round "13"]
[TimeControl "900+10"]
[Date "2022.05.22"]
[WhiteClock "0:01:14"]
[BlackClock "0:00:45"]

1. e4 e5 2. Nf3 Nc6 3. Bb5 a6 4. Ba4 Nf6 5. d3 Bc5 6. O-O d6 7. c3 Ba7 8. Re1 O-O 9. h3 h6 10. Bxc6 bxc6 11. Be3 Bxe3 12. Rxe3 Rb8 13. b3 Re8 14. Na3 c5 15. Nc4 Be6 16. Ncd2 Bd7 17. Rc1 g6 18. d4 cxd4 19. cxd4 exd4 20. Nxd4 Rb4 21. N4f3 Rb5 22. Qc2 Rc5 23. Qb2 Rxc1+ 24. Qxc1 Nh5 25. e5 Nf4 26. Qc4 Ne6 27. exd6 Bb5 28. dxc7 Nxc7 29. Rxe8+ Nxe8 30. Qc3 Nf6 31. a4 Be2 32. Nd4 Bd1 33. Nc4 Ne4 34. Qe3 Nd6 35. Ne5 Qg5 36. Qxg5 hxg5 37. Kf1 Nf5 38. Nec6 g4 39. Ke1 gxh3 40. gxh3 Bh5 41. Nxf5 gxf5 42. Nb8 a5 43. Nc6 Bf3 44. Nxa5 Bd5 45. Nc4 1-0


[Site "http://www.chessbomb.com"]

[Event "Meltwater Champions Chess Tour 2022: Chessable Masters | Prelims"]
[White "Mamedyarov, Shakhriyar"]
[Black "Jones, Gawain C B"]
[WhiteFideId "13401319"]
[BlackFideId "409561"]
[WhiteElo "2699"]
[BlackElo "2630"]
[Result "1/2-1/2"]
[Round "13"]
[TimeControl "900+10"]
[Date "2022.05.22"]
[WhiteClock "0:01:27"]
[BlackClock "0:00:45"]

1. d4 Nf6 2. c4 g6 3. g3 Bg7 4. Bg2 O-O 5. Nc3 d6 6. Nf3 c5 7. O-O Nc6 8. dxc5 dxc5 9. Bf4 Nh5 10. Be3 b6 11. Qc1 Bb7 12. Bh6 Qe8 13. g4 Nf6 14. h3 Rd8 15. Qe3 Nd4 16. Bxg7 Kxg7 17. Qe5 Nc6 18. Qg3 Rd7 19. Rad1 Rxd1 20. Rxd1 Qb8 21. g5 Nh5 22. Qxb8 Rxb8 23. e3 Kf8 24. b3 Ng7 25. Nb5 Ne6 26. h4 Rd8 27. Rxd8+ Nexd8 28. Ne1 Ke8 29. f4 Kd7 30. Nd3 f6 31. Kf2 Ba6 32. Bh3+ f5 33. Nc3 e6 34. h5 Nf7 35. Bg2 Nb4 36. Nxb4 cxb4 37. Ne2 gxh5 38. Kg3 Bc8 39. Kh4 Ke7 40. Kxh5 Bd7 41. Nd4 a5 42. e4 Nh8 43. exf5 exf5 44. Kh6 Ng6 45. Kxh7 Nxf4 46. g6 Kd6 47. Bf3 Nxg6 48. Kxg6 Ke5 49. Ne2 f4 50. Kg5 Bf5 51. Nxf4 Bb1 52. Bd1 Kd4 53. Ne6+ Kc3 54. Nc7 Bxa2 55. Nd5+ Kd2 56. Nxb6 Kxd1 57. c5 Bxb3 58. c6 Be6 59. Kf6 Bh3 60. Nc4 b3 61. Ke5 Kc1 62. Kd4 b2 63. Na3 a4 64. Kc3 Bg2 65. c7 Bh3 66. Kb4 Bd7 67. Kc3 b1=N+ 68. Nxb1 Kxb1 69. Kb4 Kb2 70. c8=Q Bxc8 71. Kxa4 1/2-1/2


[Site "http://www.chessbomb.com"]

[Event "Meltwater Champions Chess Tour 2022: Chessable Masters | Prelims"]
[White "Van Foreest, Jorden"]
[Black "Harikrishna, Pentala"]
[WhiteFideId "1039784"]
[BlackFideId "5007003"]
[WhiteElo "2645"]
[BlackElo "2624"]
[Result "1-0"]
[Round "13"]
[TimeControl "900+10"]
[Date "2022.05.22"]
[WhiteClock "0:00:34"]
[BlackClock "0:00:01"]

1. e4 e5 2. Nf3 Nc6 3. Bb5 a6 4. Ba4 Nf6 5. O-O Be7 6. Re1 b5 7. Bb3 O-O 8. d3 d6 9. c3 Na5 10. Bc2 c5 11. Nbd2 Nc6 12. h3 Re8 13. a4 Bb7 14. Nf1 h6 15. Ne3 Bf8 16. Bb3 Ne7 17. Bd2 Ng6 18. axb5 axb5 19. Rxa8 Qxa8 20. c4 Bc6 21. cxb5 Bxb5 22. Bxf7+ Kxf7 23. Qb3+ d5 24. Qxb5 Rb8 25. Qa5 Qxa5 26. Bxa5 c4 27. Nxd5 Nxd5 28. exd5 cxd3 29. Bc3 Bb4 30. g3 Rb5 31. h4 Bxc3 32. bxc3 Rxd5 33. h5 Ne7 34. Rxe5 Kf6 35. Re1 Rxh5 36. Rd1 Rd5 37. Nd4 Nf5 38. Rxd3 Nxd4 39. cxd4 Kf5 40. f3 h5 41. Kf2 Rd8 42. d5 Ke5 43. f4+ Kd6 44. Kf3 Re8 45. Rd1 g6 46. Kg2 g5 47. fxg5 Rg8 48. Kh3 Rxg5 49. Rd4 Ke5 50. Kh4 Rf5 51. Rf4 1-0


[Site "http://www.chessbomb.com"]

[Event "Meltwater Champions Chess Tour 2022: Chessable Masters | Prelims"]
[White "Mishra, Abhimanyu"]
[Black "Praggnanandhaa, R"]
[WhiteFideId "30920019"]
[BlackFideId "25059530"]
[WhiteElo "2524"]
[BlackElo "1927"]
[Result "0-1"]
[Round "13"]
[TimeControl "900+10"]
[Date "2022.05.22"]
[WhiteClock "0:00:20"]
[BlackClock "0:00:49"]

1. e4 c5 2. Nf3 e6 3. g3 Nc6 4. Bg2 Nf6 5. Qe2 e5 6. O-O Be7 7. c3 O-O 8. Na3 d6 9. Nc2 Re8 10. d3 h6 11. Ne3 Be6 12. Nh4 d5 13. Nhf5 d4 14. Nd5 Nxd5 15. exd5 Bxf5 16. dxc6 bxc6 17. Bxc6 Bd7 18. Bxa8 Qxa8 19. f3 Bd6 20. Bd2 f5 21. Rae1 Qd5 22. Qf2 Bc7 23. c4 Qd6 24. Re2 Bc6 25. a3 a5 26. b3 Ba8 27. Qe1 Qb6 28. b4 axb4 29. axb4 cxb4 30. Bxb4 Bc6 31. Ra2 Qb7 32. Ba5 Ra8 33. Qa1 Bd6 34. f4 exf4 35. Qxd4 Qe7 36. Qf2 Bc5 37. d4 Qe4 38. Qg2 Bxd4+ 39. Kh1 Rxa5 40. Re2 Qxg2+ 41. Rxg2 Ra2 0-1


[Site "http://www.chessbomb.com"]

[Event "Meltwater Champions Chess Tour 2022: Chessable Masters | Prelims"]
[White "Shankland, Sam"]
[Black "Grandelius, Nils"]
[WhiteFideId "2004887"]
[BlackFideId "1710400"]
[WhiteElo "2616"]
[BlackElo "2652"]
[Result "0-1"]
[Round "13"]
[TimeControl "900+10"]
[Date "2022.05.22"]
[WhiteClock "0:03:35"]
[BlackClock "0:03:07"]

1. d4 Nf6 2. c4 g6 3. f3 d5 4. cxd5 Nxd5 5. e4 Nb6 6. Nc3 Bg7 7. Be3 O-O 8. Qd2 Nc6 9. O-O-O f5 10. e5 f4 11. Bxf4 Nb4 12. Bh6 Bxh6 13. Qxh6 N6d5 14. Bc4 b5 15. Bb3 a5 16. h4 a4 17. Bxd5+ Nxd5 18. Ne4 Qe8 19. Ng5 Rf7 20. Nxf7 Qxf7 21. Qd2 Ra6 22. Kb1 Bf5+ 23. Ka1 Rc6 24. Nh3 Rc2 25. Ng5 Rxd2 26. Nxf7 Rxd1+ 27. Rxd1 Kxf7 28. Rc1 Bd7 29. Rc5 c6 30. Kb1 Nf4 31. Kc2 Nxg2 0-1


[Site "http://www.chessbomb.com"]

[Event "Meltwater Champions Chess Tour 2022: Chessable Masters | Prelims"]
[White "Vidit, Santosh Gujrathi"]
[Black "Tari, Aryan"]
[WhiteFideId "5029465"]
[BlackFideId "1510045"]
[WhiteElo "2617"]
[BlackElo "2531"]
[Result "0-1"]
[Round "13"]
[TimeControl "900+10"]
[Date "2022.05.22"]
[WhiteClock "0:00:31"]
[BlackClock "0:01:21"]

1. e4 c6 2. d4 d5 3. e5 Bf5 4. h4 a6 5. g4 Bd7 6. Nc3 e6 7. Be3 c5 8. dxc5 Qc7 9. Nf3 Bxc5 10. Bxc5 Qxc5 11. Qd2 b5 12. Bd3 Ne7 13. O-O-O b4 14. Ne2 Bb5 15. Kb1 Nbc6 16. Nf4 h6 17. Rc1 Qb6 18. c4 dxc4 19. Bxc4 Rd8 20. Qe2 O-O 21. Qe4 Nd4 22. Ng5 g6 23. Bxb5 Nxb5 24. Nh5 Nc3+ 25. Rxc3 bxc3 26. Nf6+ Kg7 27. Qc2 hxg5 28. Qxc3 Qxf2 29. h5 Nd5 30. Nxd5 Rxd5 31. hxg6 Qd2 32. Qc7 Qd3+ 33. Kc1 Qe3+ 34. Kb1 Qe4+ 0-1


[Site "http://www.chessbomb.com"]

[Event "Meltwater Champions Chess Tour 2022: Chessable Masters | Prelims"]
[White "Wei, Yi"]
[Black "Giri, Anish"]
[WhiteFideId "8603405"]
[BlackFideId "24116068"]
[WhiteElo "2752"]
[BlackElo "2730"]
[Result "0-1"]
[Round "13"]
[TimeControl "900+10"]
[Date "2022.05.22"]
[WhiteClock "0:00:43"]
[BlackClock "0:01:48"]

1. e4 c5 2. Nf3 d6 3. d4 cxd4 4. Nxd4 Nf6 5. Nc3 a6 6. Be3 e5 7. Nb3 Be7 8. h3 Be6 9. Qd2 Nbd7 10. O-O-O b5 11. g4 O-O 12. a3 Nb6 13. g5 Nfd7 14. Na5 Qc7 15. Kb1 Rab8 16. Nd5 Nxd5 17. exd5 Bxd5 18. Qxd5 Qxa5 19. Bd3 Qc7 20. Qe4 g6 21. h4 Nc5 22. Bxc5 d5 23. Qxd5 Qxc5 24. Qb3 a5 25. Be4 a4 26. Qh3 b4 27. h5 bxa3 28. hxg6 Rxb2+ 29. Ka1 h5 30. gxh6 fxg6 31. Qg3 Kh8 0-1


[Site "http://www.chessbomb.com"]

[Event "Meltwater Champions Chess Tour 2022: Chessable Masters | Prelims"]
[White "Carlsen, Magnus"]
[Black "Giri, Anish"]
[WhiteFideId "1503014"]
[BlackFideId "24116068"]
[WhiteElo "2847"]
[BlackElo "2730"]
[Result "1/2-1/2"]
[Round "14"]
[TimeControl "900+10"]
[Date "2022.05.22"]
[WhiteClock "0:13:47"]
[BlackClock "0:07:01"]

1. d4 Nf6 2. c4 g6 3. g3 c6 4. Bg2 d5 5. Qb3 Bg7 6. Nc3 dxc4 7. Qxc4 O-O 8. Nf3 Bf5 9. O-O Nbd7 10. Qb3 Qb6 11. Bf4 Qxb3 12. axb3 h6 13. h4 Rfd8 14. b4 a6 15. Rfc1 Rac8 16. Ra5 Nb6 17. Raa1 Nfd5 18. Nxd5 Nxd5 19. Bd2 Be4 20. e3 Bxf3 21. Bxf3 e5 22. dxe5 Bxe5 23. Rc2 h5 24. Ra5 Bc7 25. Rac5 Bd6 26. R5c4 Nb6 27. Rd4 Be5 28. Rxd8+ Rxd8 29. Kf1 Nc4 30. Bc1 Nd6 31. Ke2 f5 32. Bd2 Kf7 33. Be1 Nb5 34. Bg2 Bf6 35. Bd2 Be5 36. Be1 Bf6 37. Bd2 Be5 38. Be1 1/2-1/2


[Site "http://www.chessbomb.com"]

[Event "Meltwater Champions Chess Tour 2022: Chessable Masters | Prelims"]
[White "Tari, Aryan"]
[Black "Wei, Yi"]
[WhiteFideId "1510045"]
[BlackFideId "8603405"]
[WhiteElo "2531"]
[BlackElo "2752"]
[Result "1/2-1/2"]
[Round "14"]
[TimeControl "900+10"]
[Date "2022.05.22"]
[WhiteClock "0:02:26"]
[BlackClock "0:00:52"]

1. e4 c5 2. Nf3 d6 3. Bb5+ Nd7 4. O-O a6 5. Bd3 Ngf6 6. Re1 e6 7. Bf1 b5 8. a4 Bb7 9. d4 b4 10. d5 exd5 11. exd5+ Be7 12. c4 bxc3 13. Nxc3 O-O 14. a5 Re8 15. Bc4 Qc7 16. Qd3 h6 17. h3 Nf8 18. Bf4 Ng6 19. Bh2 Nd7 20. Re2 Rac8 21. Rae1 Nf6 22. Ne4 Red8 23. Ned2 Bf8 24. Nb3 Nxd5 25. Bxd5 c4 26. Qd2 Bxd5 27. Qxd5 cxb3 28. Re3 Ne7 29. Qxb3 Qxa5 30. Qa3 Nc6 31. Qxa5 Nxa5 32. Ra3 Nc4 33. Rxa6 Nxb2 34. Ra7 d5 35. Rb7 Nd3 36. Rd1 Nc5 37. Rb5 Ne4 38. Be5 Bc5 39. Bd4 Bxd4 40. Rxd4 Rc1+ 41. Kh2 Nf6 42. Rd2 Ra8 43. g3 Ne4 44. Rdb2 Rd1 45. Kg2 Kh7 46. Rb7 f6 47. Rc2 Rda1 48. Rcc7 Rg8 49. Rc2 Rga8 50. Rcc7 Rg8 51. Rc2 Raa8 52. Nd4 Nd6 53. Rd7 Rad8 54. Rcc7 Nc4 55. Nf5 Rxd7 56. Rxd7 Nb6 57. Rb7 Na4 58. Rd7 Nb6 59. Rb7 Na4 60. Rd7 Nc3 61. Ne7 Re8 62. Nxd5 Nxd5 63. Rxd5 Kg6 1/2-1/2


[Site "http://www.chessbomb.com"]

[Event "Meltwater Champions Chess Tour 2022: Chessable Masters | Prelims"]
[White "Grandelius, Nils"]
[Black "Vidit, Santosh Gujrathi"]
[WhiteFideId "1710400"]
[BlackFideId "5029465"]
[WhiteElo "2652"]
[BlackElo "2617"]
[Result "0-1"]
[Round "14"]
[TimeControl "900+10"]
[Date "2022.05.22"]
[WhiteClock "0:00:20"]
[BlackClock "0:01:39"]

1. e4 d6 2. d4 Nf6 3. Nc3 e5 4. Nf3 Nbd7 5. Rg1 c6 6. g4 g6 7. g5 Nh5 8. Be3 Bg7 9. dxe5 dxe5 10. Qd6 Qe7 11. Qxe7+ Kxe7 12. O-O-O b6 13. Nb1 h6 14. h4 hxg5 15. hxg5 Nf4 16. Nbd2 Ne6 17. Nc4 c5 18. c3 Bb7 19. Nd6 Bc6 20. Bc4 Rh3 21. Ne1 Nd4 22. Nxf7 b5 23. Bf1 Rh4 24. Nxe5 Bxe5 25. cxd4 cxd4 26. Nf3 Bxe4 27. Nxd4 Rc8+ 28. Kd2 Nb6 29. Bxb5 Bxd4 30. Bxd4 Rc2+ 31. Ke1 Bf3 32. Bf6+ Ke6 33. Bd3 Bxd1 34. Kxd1 Rxf2 35. Bxg6 Nd5 36. Kc1 Nxf6 37. gxf6 Kxf6 38. Bd3 Rhh2 39. Re1 Rxb2 40. Bb1 Rbf2 41. Rd1 Ke5 42. Rd8 a5 43. a4 Rhg2 44. Rd1 Kf4 45. Re1 Rg3 46. Re4+ Kg5 47. Re5+ Kf6 48. Rd5 Rc3+ 49. Kd1 Ra3 50. Bc2 Ra1+ 0-1


[Site "http://www.chessbomb.com"]

[Event "Meltwater Champions Chess Tour 2022: Chessable Masters | Prelims"]
[White "Praggnanandhaa, R"]
[Black "Shankland, Sam"]
[WhiteFideId "25059530"]
[BlackFideId "2004887"]
[WhiteElo "1927"]
[BlackElo "2616"]
[Result "1/2-1/2"]
[Round "14"]
[TimeControl "900+10"]
[Date "2022.05.22"]
[WhiteClock "0:01:49"]
[BlackClock "0:04:38"]

1. d4 Nf6 2. c4 e6 3. Nf3 d5 4. Nc3 c6 5. e3 Nbd7 6. Qc2 Bd6 7. b3 O-O 8. Be2 b6 9. O-O Bb7 10. Bb2 Qe7 11. Rad1 Rad8 12. Rfe1 Rfe8 13. Bf1 Nf8 14. e4 dxe4 15. Nxe4 Nxe4 16. Qxe4 c5 17. d5 f6 18. Qc2 Qf7 19. g3 exd5 20. Rxe8 Rxe8 21. cxd5 Ng6 22. Bb5 Rd8 23. Bc6 Bc8 24. Qe4 Ne7 25. Bb5 a6 26. Bf1 Qh5 27. Bg2 b5 28. Rd2 Re8 29. Qd3 Bf5 30. Qf1 Be4 31. Nh4 Ng6 32. Nxg6 Bxg2 33. Kxg2 hxg6 34. a4 Bf4 35. gxf4 Qg4+ 36. Kh1 Qf3+ 37. Kg1 Qg4+ 38. Kh1 Qf3+ 39. Kg1 Qg4+ 40. Kh1 1/2-1/2


[Site "http://www.chessbomb.com"]